Map: Eternal Empire LE

Players

DPGPartinG (PartinG)

  • Race: Protoss Protoss
  • League: Grandmaster
  • Spawn Location: 1:00

JinairRogue (Rogue) - Winner!

  • Race: Zerg Zerg
  • Spawn Location: 7:00

VOD

Have the link to the VOD?

Description

Time

  • Played on: Jan. 16, 2020, 7:04 a.m.
  • Length: 5:44
Show
View Real Time Build Order
Export as new Build Order

DPGPartinG Protoss 

Build Orders:  

Get SALT Encoding   

  12  0:00  Probe  
  13  0:12  Probe  
  14  0:17  Pylon  
  14  0:24  Probe (Chrono Boost)  
  15  0:36  Gateway  
  15  0:37  Probe (Chrono Boost)  
  16  0:44  Probe (Chrono Boost)  
  16  0:46  Assimilator  
  17  0:51  Probe  
  18  1:01  Forge  
  18  1:03  Probe  
  19  1:12  Pylon  
  19  1:16  Probe  
  20  1:25  Cybernetics Core  
  20  1:33  Photon Cannon  
  20  1:36  Probe  
  21  1:46  Pylon  
  21  1:52  Assimilator  
  21  2:04  Photon Cannon  
  21  2:09  Robotics Facility  
  20  2:18  Photon Cannon  
  20  2:25  Shield Battery  
  20  2:30  Shield Battery  
  20  2:31  Shield Battery  
  20  2:47  Pylon  
  20  2:55  Photon Cannon  
  20  2:57  Observer (Chrono Boost)  
  21  2:59  Pylon  
  21  3:03  Pylon  
  21  3:07  Shield Battery  
  21  3:15  Immortal (Chrono Boost)  
  25  3:24  Shield Battery  
  25  3:37  Observer  
  25  3:44  Warp Prism (Chrono Boost)  
  25  3:48  Observer, Shield Battery  
  27  3:50  Warp Gate  
  27  4:01  Shield Battery  
  27  4:14  Immortal (Chrono Boost)  
  31  4:34  Pylon  
  31  4:36  Shield Battery  
  31  4:50  Immortal (Chrono Boost)  
  35  4:54  Observer  
  35  5:07  Shield Battery  
  35  5:09  Probe, Shield Battery  
  35  5:10  Assimilator  
  40  5:31  Pylon  
Show
View Real Time Build Order
Export as new Build Order

JinairRogue Zerg - Winner!

Build Orders: Pool First 

Get SALT Encoding   

  12  0:00  Drone  
  13  0:12  Overlord  
  13  0:16  Drone  
  14  0:30  Drone x2  
  14  0:34  Drone  
  17  0:44  Extractor  
  17  0:45  Drone  
  17  0:49  Spawning Pool  
  16  0:56  Drone  
  17  1:06  Drone  
  18  1:20  Hatchery  
  18  1:22  Drone  
  18  1:36  Zergling x2  
  18  1:37  Queen  
  21  1:42  Zergling x2  
  22  1:55  Roach Warren  
  22  1:58  Zergling x2  
  23  2:03  Spine Crawler  
  23  2:05  Spine Crawler  
  20  2:08  Spine Crawler  
  19  2:15  Zergling x4  
  20  2:23  Metabolic Boost  
  20  2:31  Drone  
  21  2:37  Zergling x4  
  23  2:48  Overlord  
  23  2:51  Queen  
  23  2:57  Drone x2  
  27  3:07  Drone x2  
  27  3:09  Drone  
  30  3:20  Drone x2  
  30  3:26  Overlord  
  32  3:31  Queen  
  34  3:39  Drone  
  35  3:46  Lair  
  35  3:50  Drone x3  
  38  3:59  Drone  
  38  4:01  Overlord  
  38  4:02  Spore Crawler  
  38  4:04  Drone  
  39  4:12  Queen  
  41  4:22  Drone x4  
  45  4:38  Zergling x4  
  47  4:40  Extractor  
  47  4:44  Queen, Overlord  
  48  4:48  Queen  
  50  4:57  Spire  
  49  5:02  Zergling x8  
  49  5:07  Zergling x2  
  54  5:16  Zergling x4  
  58  5:25  Overlord  
Tags
 
Add a new tag
Caveats
  • Supply blocks, unpowered buildings, or Contaminate may cause inaccurate times.
  • Supply counts are checked every 10 seconds.